cohdb
Replays
Latest Replays
All Replays
Popular Replays
Top Player Replays
Match Explorer
How It Works
Community
CoH3 Stats
Reddit
Sign in to upload your games and track your stats! →
Sign in with Steam
Match 40662383
Unlisted
Match 40662383
Overview
Messages
Build Orders
End
Selects Breakthrough Battlegroup
Selects Assault Grenadiers
Construct Infanterie Kompanie
MG 42 Machine Gun Team
Grenadier Squad
Grenadier Squad
Infanterie Officer Quarters
Selects Smoke Bombing Run
Grenadier Squad
Construct Panzergrenadier Kompanie
Forward Retreat Point
Grenadier Squad
Selects Mechanized Assault Group
Mechanized Assault Group
Support Elements
Construct Luftwaffe Kompanie
Selects Rapid Production
Luftwaffe Officer Quarters
Husar
SIEPACZ
catareck
MorrieBombastic
LowPrioWarrior
Satou the Deus Musco
0
0
Comments
sign in to comment!
No comments posted yet!